 Dungeon Crawl Stone Soup version 0.31-a0-1009-g454b1f1e0a (webtiles) character file.

Game seed: 644577630696095217

74 Gumption the Changeling (level 4, -6/39 HPs)
             Began as a Naga Shapeshifter on Nov 16, 2023.
             Mangled by a worm (9 damage)
             ... on level 2 of the Dungeon.
             The game lasted 00:12:36 (1380 turns).

Gumption the Changeling (Naga Shapeshifter)         Turns: 1380, Time: 00:12:37

Health: -6/39      AC:  4    Str: 19    XL:     4   Next: 28%
Magic:  4/4        EV:  8    Int: 10    God:
Gold:   45         SH:  0    Dex: 10    Spells: 3/3 levels left

rFire   . . .        g - +0 dagger
rCold   . . .        (no shield)
rNeg    . . .        i - +0 scale mail
rPois   +            (helmet currently unavailable)
rElec   .            q - melded +0 cloak
rCorr   .            (gloves currently unavailable)
SInv    +            (no barding)
Will    .....        (no amulet)
Stlth   +            (no ring)
HPRegen 0.26/turn    (no ring)
MPRegen 0.09/turn

%: no passive effects
@: beast-form, very slow
A: beast (slay +1), AC +1, large, see invisible, deformed body, poison
resistance, slowness 2, spit poison 1, naga tail 1
a: Spit Poison, Begin Untransformation


You were on level 2 of the Dungeon.
You were a hulking beast.
You visited 1 branch of the dungeon, and saw 2 of its levels.

You collected 45 gold pieces.

Inventory:

Hand Weapons
 g - a +0 dagger (weapon)
Armour
 i - a +0 scale mail (worn)
 q - a +0 cloak (melded)
Talismans
 c - a beast talisman (active)
 d - a flux talisman
Scrolls
 a - 2 scrolls of identify {unknown}
 f - a scroll of revelation {unknown}
 h - 3 scrolls of amnesia {unknown}
 j - 3 scrolls of noise {unknown}
 l - a scroll of poison {unknown}
 m - a scroll of enchant weapon {unknown}
 p - 3 scrolls of blinking {unknown}
 r - a scroll of silence {unknown}
 s - a scroll of immolation {unknown}
 t - a scroll of torment {unknown}
Potions
 b - a potion of lignification
 e - 2 potions of curing {unknown}
 k - a potion of cancellation {unknown}
 n - 2 potions of degeneration {unknown}
 o - 2 potions of enlightenment {unknown}


   Skills:
 + Level 2.0 Fighting
 + Level 2.2 Dodging
 + Level 2.7 Stealth
 - Level 3.0 Unarmed Combat
 + Level 3.4 Shapeshifting


You had 3 spell levels left.
You didn't know any spells.
Your spell library was empty.

Dungeon Overview and Level Annotations

Branches:
Dungeon (2/15)

Altars:


Innate Abilities, Weirdness & Mutations

You are a hulking beast.
Your limbs bulge with bestial killing power. (Slay +1)
Your serpentine skin is tough. (AC +1)
You have supernaturally acute eyesight. (SInv)
Armour fits poorly on your strangely shaped body.
Your system is resistant to poisons. (rPois)
You cover ground very slowly.
You can spit poison.
You have a snake-like lower body.


Message History

You feel sick.
You are no longer poisoned.
The adder bites you but does no damage.
You hit the adder.
You kill the adder!
The worm misses you.
You barely miss the worm. You hit the worm but do no damage.
The worm bites you.
* * * LOW HITPOINT WARNING * * *
You barely miss the worm. The worm bites you.
* * * LOW HITPOINT WARNING * * *
You hit the worm.
The worm is lightly wounded.
The worm attacks as it pursues you! The worm barely misses you.
You hit the worm.
The worm is lightly wounded.
You hit the worm.
The worm is heavily wounded.
The worm bites you.
* * * LOW HITPOINT WARNING * * *
You hit the worm.
The worm is heavily wounded.
You barely miss the worm.
The worm is heavily wounded.
The worm bites you but does no damage.
You hit the worm but do no damage.
The worm is heavily wounded.
The worm barely misses you.
You hit the worm.
The worm is heavily wounded.
You hit the worm.
The worm is almost dead.
The worm bites you.
* * * LOW HITPOINT WARNING * * *
You hit the worm but do no damage.
The worm is severely wounded.
You hit the worm.
The worm is almost dead.
The worm bites you!
You die...

#..###.#.# ..#
#...##.#.# #...#
#.#.#..#.# ...$# #
#.#.†.##.# ....###
####.#.####.##..#.##.
[.#...## #..........
.####......###..........
.....##.................
.......h.....#..........
........w...............
........................
........?..†............
..............#.........
..####..................
. #............).#...
#.............##...
####............


You could see a worm.

Vanquished Creatures
  3 adders (D:2)
  3 dart slugs
  5 bats
  6 endoplasms
  A giant cockroach (D:2)
  3 goblins (D:1)
  2 hobgoblins (D:2)
  2 quokkas (D:1)
  7 ball pythons
  4 frilled lizards
  A kobold (D:1)
  4 rats
41 creatures vanquished.

Notes
Turn   | Place    | Note
-------+----------+-------------------------------------------
     0 | D:1      | Gumption the Naga Shapeshifter began the quest for the Orb.
     0 | D:1      | Reached XP level 1. HP: 18/18 MP: 1/1
   328 | D:1      | Reached skill level 1 in Stealth
   328 | D:1      | Reached XP level 2. HP: 22/25 MP: 2/2
   724 | D:1      | Reached XP level 3. HP: 26/31 MP: 3/3
  1282 | D:2      | Reached XP level 4. HP: 39/39 MP: 4/4
  1380 | D:2      | Mangled by a worm

Illustrated notes

Levels and vault maps discovered:
D:1:      minmay_arrival_hallway, layout_basic
D:2:      layout_rooms, minivault_24

Skill      XL: |  1  2  3 |
---------------+----------+-----
Stealth        | 1 2 |  2.7
Dodging        | 2 |  2.2
Fighting       | 2 |  2.0
Unarmed Combat | |  3.0
Shapeshifting  | |  3.4

Action                     |  1- 3 |  4- 6 || total
---------------------------+-------+-------++-------
  Melee: Dagger            |   123 |    28 ||   151
         Punch             |     4 |     1 ||     5
Ability: Spit Poison       |     6 |     2 ||     8
         Begin Untransform |     1 |       ||     1
 Armour: Animal skin       |    59 |       ||    59
         Scale mail        |    33 |    24 ||    57
  Dodge: Dodged            |    63 |    10 ||    73
   Form: Beast             |     1 |       ||     1

Table legend: (Time is in decaauts)
 A = Elapsed time spent in this place.
 B = Non-inter-level travel time spent in this place.
 C = Inter-level travel time spent in this place.
 D = Time resting spent in this place.
 E = Time spent auto-exploring this place.
 F = Levels seen in this place.
 G = Mean time per level.
                   A        B        C        D        E       F      G
               +--------+--------+--------+--------+--------+-----+--------+
         Total |   1773 |   1773 |      0 |    149 |    732 |   2 |  886.5 |
       Dungeon |   1773 |   1773 |      0 |    149 |    732 |   2 |  886.5 |
               +--------+--------+--------+--------+--------+-----+--------+

Top non-repeatable levels by time:
     D:1: 1463 daAuts
     D:2: 310 daAuts
